 Dungeon Crawl Stone Soup version 0.26-a0-652-gafc20e3620 (webtiles) character file.

Game seed: 7190963148387258082

104 robertstho the Firebug (level 4, -1/24 HPs)
             Began as a Tengu Fire Elementalist on Oct 3, 2020.
             Was an Initiate of Sif Muna.
             Slain by a bullfrog (8 damage)
             ... on level 3 of the Dungeon.
             The game lasted 00:05:17 (2775 turns).

robertstho the Firebug (Tengu Fire Elementalist)    Turns: 2775, Time: 00:05:17

Health: -1/24      AC:  2    Str:  8    XL:     4   Next: 80%
Magic:  1/8        EV: 15    Int: 17    God:    Sif Muna [......]
Gold:   82         SH:  0    Dex: 14    Spells: 3/7 levels left

rFire    . . .     SeeInvis .   j - +0 great sword
rCold    . . .     Faith    .   (shield currently unavailable)
rNeg     . . .     Spirit   .   a - +0 robe
rPois    .         Reflect  .   (helmet restricted)
rElec    .         Harm     .   (no cloak)
rCorr    .         Rampage  .   (no gloves)
MR       .....                  (boots unavailable)
Stlth    ++........             (no amulet)
HPRegen  0.08/turn              (no ring)
MPRegen  0.11/turn              (no ring)

@: brilliant, flying quickly and evasively, quick
A: beak, talons 3
a: Renounce Religion


You were on level 3 of the Dungeon.
You worshipped Sif Muna.
Sif Muna was noncommittal.
You visited 1 branch of the dungeon, and saw 3 of its levels.

You collected 82 gold pieces.

Inventory:

Hand Weapons
 j - a +0 great sword (weapon)
Armour
 a - a +0 robe (worn)
Jewellery
 c - a cursed amulet of inaccuracy {unknown}
 i - an uncursed ring of stealth {unknown}
Scrolls
 b - 3 scrolls of amnesia {unknown}
 d - 2 scrolls of enchant weapon {unknown}
 e - a scroll of remove curse {unknown}
 h - 3 scrolls of identify {unknown}
Potions
 g - a potion of mutation {unknown}
 k - a potion of curing {unknown}
 l - a potion of flight


   Skills:
 + Level 0.1 Fighting
 + Level 2.4 Dodging
 + Level 2.2 Stealth
 + Level 0.2 Unarmed Combat
 + Level 2.3 Spellcasting
 * Level 2.6 Conjurations
 * Level 4.9 Fire Magic


You had 3 spell levels left.
You knew the following spells:

 Your Spells              Type           Power        Failure   Level
a - Foxfire               Conj/Fire      ###.         4%          1
b - Conjure Flame         Conj/Fire      ###.....     12%         3

Your spell library contained the following spells:

 Spells                   Type           Power        Failure   Level
 Inner Flame              Hex/Fire       ###.....     21%         3
 Sticky Flame             Conj/Fire      ###.....     36%         4
 Fireball                 Conj/Fire      ###.......   73%         5


Dungeon Overview and Level Annotations

Branches:
Dungeon (3/15)

Altars:
Kikubaaqudgha
Sif Muna


Innate Abilities, Weirdness & Mutations

You have a beak for a mouth.
You have claws for feet.


Message History

The foxfire hits the orc.
The orc is moderately wounded.
The bullfrog misses you.
The foxfire hits the bullfrog.
The bullfrog is almost dead.
Casting: Foxfire (safe; 4% risk of failure)
Confirm with . or Enter, or press ? or * to list all spells.
You don't have enough magic to cast that spell.
It was a potion of flight.
You feel very buoyant.
You swoop lightly up into the air.
The bullfrog closely misses you.
The orc throws a boomerang.
The boomerang misses you.
The weapon returns to the orc!
The bullfrog swells and bulges.
The bullfrog hits you.
* * * LOW HITPOINT WARNING * * *
It was a potion of brilliance.
You feel clever all of a sudden. The bullfrog hits you!
You die...

#<#
#........#.....[........
#.#
#........#.###.#)###..###
#.# ###.##.#.# #.#F#....#$#
#.#####.##.#.# #.#o#..##.#
#.......##.#.#. #.#.)..#.#
######..##...#.###.#..##.#
#..####.#.##.o†..#.#
######..#..#...#F.####.#
.#.............#@.#)..#...#
.#.###..#..#.#.#..#(Fo ..##
...............#..#$.. ...#
.#..##............####
##.?.
.#..##...##.##.#......#
....
.#....................#
#...
.#.###.#.........#.##...
... .#.....<.........#.# ..
.#######.#######.#.. .


You could see a bullfrog and an orc.

Vanquished Creatures
  3 adders (D:2)
  An ooze (D:1)
  2 worms (D:2)
  3 dart slugs
  4 leopard geckos
  2 orcs (D:3)
  5 giant cockroaches
  6 goblins
  4 hobgoblins
  3 quokkas (D:2)
  6 bats
  3 frilled lizards
  4 kobolds
  8 rats
54 creatures vanquished.

Vanquished Creatures (others)
  155 foxfires
155 creatures vanquished.

Grand Total: 209 creatures vanquished

Notes
Turn   | Place    | Note
-------+----------+-------------------------------------------
     0 | D:1      | robertstho the Tengu Fire Elementalist began the quest for
                  | the Orb.
     0 | D:1      | Reached XP level 1. HP: 10/10 MP: 4/4
   421 | D:1      | Reached XP level 2. HP: 15/15 MP: 4/6
   942 | D:1      | Reached skill level 4 in Fire Magic
   942 | D:1      | Reached XP level 3. HP: 10/19 MP: 5/7
  1298 | D:1      | Learned a level 3 spell: Conjure Flame
  1460 | D:2      | Found an ancient bone altar of Kikubaaqudgha.
  1544 | D:2      | Reached XP level 4. HP: 23/24 MP: 4/8
  2047 | D:2      | Found a shimmering blue altar of Sif Muna.
  2256 | D:2      | Became a worshipper of Sif Muna the Loreminder
  2589 | D:3      | Noticed a bullfrog
  2775 | D:3      | Slain by a bullfrog

Illustrated notes

Levels and vault maps discovered:
D:1:      heliophobic_arrival_enchanted_forest, layout_basic
D:2:      layout_basic, kiku_gazebo_pond_becter, led_sif_pool
D:3:      layout_basic, gammafunk_ghost_necromancy, minmay_vboxes

Skill      XL: |  1  2  3 |
---------------+----------+-----
Fire Magic     | 4 |  4.9
Conjurations   | 2 |  2.6
Fighting       | |  0.1
Dodging        | |  2.4
Stealth        | |  2.2
Unarmed Combat | |  0.2
Spellcasting   | |  2.3

Action                   |  1- 3 |  4- 6 || total
-------------------------+-------+-------++-------
Melee: Unarmed           |     8 |       ||     8
       Peck              |     3 |     1 ||     4
       Kick              |     3 |       ||     3
       Great sword       |       |     1 ||     1
 Cast: Foxfire           |    54 |    50 ||   104
  Use: Potion            |       |     2 ||     2
Armor: Robe              |     5 |     2 ||     7
Dodge: Dodged            |    15 |    23 ||    38
       Rpst.: Great sword |       |     6 ||     6

Table legend: (Time is in decaauts)
 A = Elapsed time spent in this place.
 B = Non-inter-level travel time spent in this place.
 C = Inter-level travel time spent in this place.
 D = Time resting spent in this place.
 E = Time spent auto-exploring this place.
 F = Levels seen in this place.
 G = Mean time per level.
                   A        B        C        D        E       F      G
               +--------+--------+--------+--------+--------+-----+--------+
         Total |   2776 |   2627 |    149 |    421 |   1812 |   3 |  925.3 |
       Dungeon |   2776 |   2627 |    149 |    421 |   1812 |   3 |  925.3 |
               +--------+--------+--------+--------+--------+-----+--------+

Top non-repeatable levels by time:
     D:1: 1362 daAuts
     D:2: 1160 daAuts
     D:3: 254 daAuts
